 Dungeon Crawl Stone Soup version 0.26-a0-487-gbff1e92059 (webtiles) character file.

Game seed: 11486631172885033422

20 hograthm the Chiller (level 2, 20/20 HPs)
             Began as a Ghoul Ice Elementalist on July 19, 2020.
             Quit the game on level 1 of the Dungeon on Aug 2, 2020.
             The game lasted 00:16:43 (2016 turns).

hograthm the Chiller (Ghoul Ice Elementalist)       Turns: 2016, Time: 00:16:44

Health: 20/20      AC:  2    Str: 11    XL:     2   Next: 79%
Magic:  3/3        EV: 12    Int: 10    God:
Gold:   56         SH:  0    Dex:  9    Spells: 3/4 levels left

rFire    . . .     SeeInvis .   (no weapon)
rCold    + . .     Faith    .   (no shield)
rNeg     + + +     Spirit   .   a - +0 robe
rPois    ∞         Reflect  .   (no helmet)
rElec    .         Harm     .   (no cloak)
rCorr    .                      (no gloves)
MR       .....                  (no boots)
Stlth    ++........             (no amulet)
HPRegen  0.06/turn              (no ring)
MPRegen  0.08/turn              (no ring)

@: no status effects
A: rotting body, claws 1, cold resistance 1, negative energy resistance 3,
inhibited regeneration, torment resistance, unbreathing
a: no special abilities


You were on level 1 of the Dungeon.
You visited 1 branch of the dungeon, and saw 1 of its levels.

You collected 56 gold pieces.

Inventory:

Hand Weapons
 c - a +0 club
 f - a +0 dagger
Missiles
 e - 22 bolts
Armour
 a - a +0 robe (worn)
Scrolls
 d - 3 scrolls of identify
 h - a scroll of enchant armour {unknown}
 k - a scroll of amnesia {unknown}
Potions
 b - a potion of haste
 g - a potion of might {unknown}
 i - a potion of curing {unknown}
 j - a potion of mutation {unknown}


   Skills:
 + Level 2.0 Dodging
 + Level 2.4 Stealth
 + Level 0.1 Unarmed Combat
 + Level 1.9 Spellcasting
 + Level 4.9 Ice Magic


You had 3 spell levels left.
You knew the following spells:

 Your Spells              Type           Power        Failure   Level
a - Freeze                Ice            ##..         4%          1

Your spell library contained the following spells:

 Spells                   Type           Power        Failure   Level
 Frozen Ramparts          Ice            ##....       12%         3
 Ozocubu's Armour         Ice            ##......     12%         3
 Hailstorm                Conj/Ice       #.......     75%         4
 Summon Ice Beast         Ice/Summ       #.......     75%         4


Dungeon Overview and Level Annotations

Branches:
Dungeon (1/15)

Altars:


Innate Abilities, Weirdness & Mutations

Your body is rotting away.
You thrive by killing the living.
You are immune to poison.
You have sharp fingernails.
Your flesh is cold resistant. (rC+)
You are immune to negative energy. (rN+++)
You do not regenerate when monsters are visible.
You are immune to unholy pain and torment.
You can survive without breathing.


Message History

Done waiting.
You start waiting.
Done waiting.
You start waiting.
Done waiting.
You start waiting.
Done waiting.
Your movement speed is average.
Your attack speed is above average.
Your movement speed is average.
Your attack speed is above average.
Done exploring.
Done exploring.
Search for what [? for help]? .
Unknown command.
Unknown command.
Char dumped successfully.
Unknown command.
Char dumped successfully.
You have 56 gold pieces.
Char dumped successfully.
Are you sure you want to abandon this character and quit the game? (Confirm with "yes".)

.########.##.............#
.########.#..#...........#
....##...................#
....##.#..##.............#
.#..................)#####
........##...........#
.###....####.........#
.#......## #......[..#
...##....###....@....#
.#####...............# ##
######..........# #
##.........# # #.........#
############........##
#.....#.....#......##
.................###
.......).........##


There were no monsters in sight!

Vanquished Creatures
  A dart slug (D:1)
  A goblin (D:1)
  2 hobgoblins (D:1)
  A jackal (D:1)
  A ball python (D:1)
  3 bats (D:1)
  3 frilled lizards (D:1)
  5 kobolds (D:1)
  2 rats (D:1)
19 creatures vanquished.

Notes
Turn   | Place    | Note
-------+----------+-------------------------------------------
     0 | D:1      | hograthm the Ghoul Ice Elementalist began the quest for the
                  | Orb.
     0 | D:1      | Reached XP level 1. HP: 14/14 MP: 2/2
   657 | D:1      | Reached XP level 2. HP: 20/20 MP: 0/3
   857 | D:1      | Upgraded the game from 0.26-a0-376-g13fbb91ece to
                  | 0.26-a0-487-gbff1e92059
  2016 | D:1      | Quit the game

Illustrated notes

Levels and vault maps discovered:
D:1:      eino_arrival_water_cross, layout_rooms, minmay_close_crescents

Skill      XL: |  1  2 |
---------------+-------+-----
Dodging        | 2 |  2.0
Stealth        | |  2.4
Unarmed Combat | |  0.1
Spellcasting   | |  1.9
Ice Magic      | |  4.9

Action                   || total
-------------------------++-------
Melee: Unarmed           ||    28
 Cast: Freeze            ||    21
  Use: Scroll            ||     1
Armor: Robe              ||    11
Dodge: Dodged            ||    31

Table legend: (Time is in decaauts)
 A = Elapsed time spent in this place.
 B = Non-inter-level travel time spent in this place.
 C = Inter-level travel time spent in this place.
 D = Time resting spent in this place.
 E = Time spent auto-exploring this place.
 F = Levels seen in this place.
 G = Mean time per level.
                   A        B        C        D        E       F      G
               +--------+--------+--------+--------+--------+-----+--------+
         Total |   2016 |   2010 |      6 |   1215 |    476 |   1 | 2016.0 |
       Dungeon |   2016 |   2010 |      6 |   1215 |    476 |   1 | 2016.0 |
               +--------+--------+--------+--------+--------+-----+--------+

Top non-repeatable levels by time:
     D:1: 1159 daAuts
Note: time per level data comes from an upgraded game and may be incomplete.
